 Dungeon Crawl Stone Soup version 0.28.0-53-g5a82cb258f (webtiles) character file.

Game seed: 8748866828706917666

1397 sking99 the Chopper (level 9, -10/69 HPs)
             Began as a Formicid Fighter on June 8, 2022.
             Was a Follower of Okawaru.
             Mangled by an ogre
             ... wielding a +0 halberd
              (13 damage)
             ... in a bailey.
             The game lasted 00:11:40 (6634 turns).

sking99 the Chopper (Formicid Fighter)              Turns: 6634, Time: 00:11:41

Health: -10/69     AC: 18    Str: 29    XL:     9   Next: 0%
Magic:  10/11      EV:  9    Int:  8    God:    Okawaru [*.....]
Gold:   439        SH:  6    Dex: 12    Spells: 8/8 levels left

rFire   . . .      SeeInvis +   a - +1 war axe
rCold   . . .      Faith    .   c - +0 buckler
rNeg    . . .      Spirit   .   t - +0 plate armour
rPois   .          Reflect  .   (helmet unavailable)
rElec   .          Harm     .   e - +0 cloak
rCorr   .          Rampage  .   (no gloves)
Will    .....                   b - +1 pair of boots
Stlth   ..........              (no amulet)
HPRegen 0.21/turn               v - +6 ring of strength
MPRegen 0.12/turn               (no ring)

@: mighty, heroic
A: permanent stasis, dig shafts and tunnels, antennae 3, four strong arms
a: Dig, Renounce Religion, Heroism


You were in a bailey.
You worshipped Okawaru.
Okawaru was aware of your devotion.
You visited 2 branches of the dungeon, and saw 8 of its levels.
You also visited: Ossuary and Bailey.

You collected 439 gold pieces.

Inventory:

Hand Weapons
 a - a +1 war axe (weapon)
Armour
 b - a +1 pair of boots (worn)
 c - a +0 buckler (worn)
 e - a +0 cloak (worn)
 t - a +0 plate armour (worn)
Jewellery
 v - a +6 ring of strength (left hand)
 z - an amulet of faith
Wands
 i - a wand of polymorph (10)
 m - a wand of iceblast (7)
 o - a wand of charming (7)
Scrolls
 j - 3 scrolls of enchant weapon
 k - a scroll of enchant armour
 l - 2 scrolls of vulnerability
 q - a scroll of silence
 r - a scroll of holy word
 x - a scroll of identify
 y - a scroll of noise {unknown}
Potions
 d - a potion of might
 f - 4 potions of curing
 g - 2 potions of magic
 h - a potion of flight {unknown}
 n - a potion of invisibility
 p - a potion of attraction {unknown}
 s - 3 potions of cancellation
 u - 2 potions of mutation {unknown}
 w - a potion of heal wounds {unknown}


   Skills:
 + Level 5.9(10.9) Fighting
 * Level 6.8(11.8) Axes
 + Level 5.9(10.9) Armour
 - Level 6.0(11.0) Shields
 + Level 3.1 Invocations


You had 8 spell levels left.
You didn't know any spells.
Your spell library contained the following spells:

 Spells                   Type           Power      Damage    Failure   Level
 Conjure Flame            Conj/Fire      0%         6-21      100%        3
 Ignite Poison            Fire/Tmut/Pois 0%         N/A       100%        3
 Sticky Flame             Conj/Fire      0%         2d3       100%        4
 Blade Hands              Tmut           0%         N/A       100%        5
 Iron Shot                Conj/Erth      0%         9d1       100%        6
 Summon Small Mammal      Summ           Unusable   N/A       N/A         1
 Call Canine Familiar     Summ           Unusable   N/A       N/A         3
 Summon Guardian Golem    Hex/Summ       Unusable   N/A       N/A         3
 Animate Armour           Summ/Erth      Unusable   N/A       N/A         4

Dungeon Overview and Level Annotations

Branches:
Dungeon (7/15)             Temple (1/1) D:5         Ossuary (visited)
 Bailey (1/1)

Altars:
Ashenzari
Cheibriados
Dithmenos
Elyvilon
Fedhas
Gozag
Hepliaklqana
Kikubaaqudgha
Makhleb
Nemelex Xobeh
Okawaru
Qazlal
Ru
Sif Muna
Trog
Wu Jian
Xom
Yredelemnul
The Shining One

Annotations:
D:7 2 transporters, Grum; Nysalyn's ghost, novice GrFi


Innate Abilities, Weirdness & Mutations

You cannot be hasted, slowed, berserked, paralysed or teleported.
You can dig through walls and to a lower floor.
You have a pair of large antennae on your head. (SInv)
Your four strong arms can wield two-handed weapons with a shield.


Message History

You feel agile. x2
You start resting.
You sense a monster nearby.
You start resting.
A two-headed ogre comes into view.
It is wielding a +0 glaive and a +0 halberd.
The two-headed ogre shouts in stereo!
You gain the combat prowess of a mighty hero.
You feel very mighty all of a sudden. You block the two-headed ogre's attack.
The two-headed ogre closely misses you.
You barely miss the two-headed ogre.
An ogre comes into view. It is wielding a +0 halberd.
The two-headed ogre hits you with a +0 glaive!
The two-headed ogre hits you but does no damage.
The ogre shouts!
You slice the two-headed ogre!!
The two-headed ogre is severely wounded.
You hear a shout!
You hit the two-headed ogre but do no damage.
The two-headed ogre is severely wounded.
The two-headed ogre hits you with a +0 glaive!
* * * LOW HITPOINT WARNING * * *
You block the two-headed ogre's attack.
You barely miss the two-headed ogre.
The two-headed ogre is severely wounded.
The two-headed ogre hits you but does no damage.
You block the two-headed ogre's attack.
You hit the two-headed ogre.
The two-headed ogre is severely wounded.
You block the two-headed ogre's attack.
The two-headed ogre hits you with a +0 halberd.
* * * LOW HITPOINT WARNING * * *
You slash the two-headed ogre!
The two-headed ogre is almost dead.
You barely miss the two-headed ogre.
The two-headed ogre is almost dead.
The two-headed ogre hits you with a +0 glaive.
* * * LOW HITPOINT WARNING * * *
You block the two-headed ogre's attack.
The ogre hits you from afar with a +0 halberd!
You die...

##.....###..♣
#...∩..≈≈≈..#
#......≈≈≈..#
#......≈≈≈..#
#.....)≈≈≈..#
#...∩..≈≈≈..#{
##....O###..#
#...O.# #..#
##..@## #..#
##.## #.. ###
.


You could see a two-headed ogre and an ogre.

Vanquished Creatures
  A sky beast (D:6)
  3 ogres (Bailey)
  A centaur (D:5)
  2 elf zombies (Ossuary)
  A kobold brigand (D:6)
  A bullfrog (D:5)
  3 wights
  A howler monkey (D:4)
  3 centaur zombies
  3 hounds
  A bullfrog skeleton (D:6)
  A human zombie (Ossuary)
  An orc priest (D:4)
  An iguana (D:6)
  An orc wizard (D:4)
  2 mummies (Ossuary)
  5 adders
  2 river rats (D:3)
  A shadow imp (D:5)
  A white imp (D:6)
  An ufetubus (D:5)
  An adder zombie (Ossuary)
  2 dart slugs
  11 orcs
  8 ball pythons
  5 endoplasms
  3 giant cockroaches (D:3)
  6 goblins
  3 hobgoblins
  4 quokkas
  3 bats
  6 frilled lizards
  A goblin zombie (Ossuary)
  13 hobgoblin zombies (Ossuary)
  9 kobolds
  11 kobold zombies (Ossuary)
  6 orc zombies (Ossuary)
  3 rats
131 creatures vanquished.

Vanquished Creatures (others)
  6 plants (D:7)
6 creatures vanquished.

Grand Total: 137 creatures vanquished

Notes
Turn   | Place    | Note
-------+----------+-------------------------------------------
     0 | D:1      | sking99 the Formicid Fighter began the quest for the Orb.
     0 | D:1      | Reached XP level 1. HP: 18/18 MP: 1/1
   441 | D:1      | Reached XP level 2. HP: 24/24 MP: 2/2
  1173 | D:2      | Reached XP level 3. HP: 28/29 MP: 3/3
  1626 | D:2      | Reached XP level 4. HP: 33/37 MP: 4/4
  2016 | D:3      | Found a broken altar of Ashenzari.
  2072 | D:3      | Found a faded altar of an unknown god.
  2625 | D:3      | Reached XP level 5. HP: 34/42 MP: 5/5
  3694 | D:4      | Reached XP level 6. HP: 48/48 MP: 6/6
  3799 | D:5      | Entered Level 5 of the Dungeon
  3883 | D:5      | Found a sand-covered staircase.
  3892 | Ossuary  | Entered an ossuary
  4013 | Ossuary  | Reached skill level 5 in Shields
  4016 | Ossuary  | Reached XP level 7. HP: 34/55 MP: 7/7
  4196 | Ossuary  | Reached skill level 5 in Axes
  4216 | Ossuary  | Reached skill level 5 in Fighting
  4343 | D:5      | Reached skill level 5 in Armour
  4397 | D:5      | Found a staircase to the Ecumenical Temple.
  4417 | Temple   | Entered the Ecumenical Temple
  4547 | Temple   | Became a worshipper of Warmaster Okawaru
  4797 | D:5      | Reached XP level 8. HP: 49/62 MP: 8/8
  4980 | D:6      | Reached skill level 1 in Invocations
  6162 | D:7      | Identified the +9 spear "Osuka" {venom, Int+4 Stlth+}
  6162 | D:7      | Identified the +3 scale mail "Laosch" {rElec Str+2 Int+4
                  | Dex-2}
  6170 | D:7      | Noticed Nysalyn's ghost (novice GrFi)
  6174 | D:7      | Noticed Grum
  6175 | D:7      | Identified the ring "Onushril" {Will+ Str-4 Int+5 Dex+8
                  | Slay-5}
  6272 | D:7      | Found a transporter.
  6278 | D:7      | Found a transporter.
  6357 | D:7      | Found a flagged portal.
  6381 | Bailey   | Entered a bailey
  6448 | Bailey   | Reached * piety under Okawaru
  6465 | Bailey   | Reached XP level 9. HP: 7/69 MP: 11/11
  6621 | Bailey   | Noticed a two-headed ogre
  6634 | Bailey   | HP: 3/69 [two-headed ogre/+0 glaive (4)]
  6634 | Bailey   | Mangled by an ogre

Illustrated notes

Levels and vault maps discovered:
D:1:      minmay_arrival_four_houses, layout_basic, grunt_decor_one_mirror
D:2:      layout_basic
D:3:      layout_loops_ring, mainiacjoe_overflow_paths, portal_sewer_entry_c,
          shapermc_ecumenical_altar_mp_highgroup, hangedman_decor_points
D:4:      layout_rooms
D:5:      layout_rooms, minmay_temple_entry_mist,
          lightli_ossuary_entry_decrepit_ruins
D:6:      layout_gridville
D:7:      layout_basic, serial_shops, nicolae_square_shop,
          gammafunk_ghost_gnarly_gnolls, enter_bailey_5,
          kennysheep_generic_room_7
Temple:   compressed_dpeg_circular_temple
Bailey:   bailey_polearm_enchanted_keep_hellmonk, bailey

Skill      XL: |  1  2  3  4  5  6  7  8 |
---------------+-------------------------+-----
Shields        | 4 5 6 |  6.0
Axes           | 3 4 5 6 |  6.8
Fighting       | 4 5 |  5.9
Armour         | 4 5 |  5.9
Invocations    | 3 |  3.1

Action                   |  1- 3 |  4- 6 |  7- 9 || total
-------------------------+-------+-------+-------++-------
Melee: War axe           |    73 |   160 |   141 ||   374
Invok: Heroism           |       |       |     1 ||     1
  Use: Scroll            |       |    10 |     2 ||    12
       Potion            |       |       |     1 ||     1
Armor: Scale mail        |     5 |       |       ||     5
       Chain mail        |    32 |   101 |    26 ||   159
       Plate armour      |       |       |    92 ||    92
Dodge: Dodged            |    26 |    66 |    66 ||   158
Block: Buckler           |    20 |    40 |    41 ||   101
